 Dungeon Crawl Stone Soup version 0.29-a0-819-g94b489e0ae (webtiles) character file.

Game seed: 15379105648779962291

103 scionoferis the Changer (level 4, -1/28 HPs)
             Began as an Octopode Transmuter on July 6, 2022.
             Killed by nerve-wracking pain
             ... invoked by an orc priest
              (11 damage)
             ... on level 2 of the Dungeon.
             The game lasted 00:12:36 (2979 turns).

scionoferis the Changer (Octopode Transmuter)       Turns: 2979, Time: 00:12:37

Health: -1/28      AC:  1    Str: 15    XL:     4   Next: 79%
Magic:  6/7        EV: 13    Int: 17    God:
Gold:   96         SH:  0    Dex: 12    Spells: 1/8 levels left

rFire   . . .      SeeInvis .   a - +2 short sword (venom)
rCold   . . .      Faith    .   (no shield)
rNeg    . . .      Spirit   .   (helmet currently unavailable)
rPois   .          Reflect  .   (no amulet)
rElec   .          Harm     .   d - ring of resist corrosion
rCorr   +          Rampage  .   c - +6 ring of strength
Will    .....                   (no ring)
Stlth   +++.......              (no ring)
HPRegen 0.09/turn               (no ring)
MPRegen 0.10/turn               (no ring)
                                (no ring)
                                (no ring)

@: appendages
A: tentacle spike 3, almost no armour, amphibious, 8 rings, camouflage 1,
gelatinous body 1, (nimble swimmer 1), tentacles
a: End Transformation


You were on level 2 of the Dungeon.
One of your tentacles had grown a beastly spike.
You visited 1 branch of the dungeon, and saw 3 of its levels.

You collected 96 gold pieces.

Inventory:

Hand Weapons
 a - a +2 short sword of venom (weapon)
 b - a +0 sling
 g - a +0 dagger
 j - a +3 short sword
 k - a +2 vampiric short sword
 s - a +2 short sword of holy wrath
Missiles
 m - 9 stones (quivered)
Armour
 l - an orb of guile
Jewellery
 c - a +6 ring of strength (right tentacle)
 d - a ring of resist corrosion (left tentacle)
Scrolls
 e - 2 scrolls of identify {unknown}
 f - 2 scrolls of fog {unknown}
 h - a scroll of enchant weapon {unknown}
 o - a scroll of amnesia {unknown}
 p - a scroll of noise {unknown}
 t - 3 scrolls of fear {unknown}
Potions
 i - a potion of attraction {unknown}
 n - 2 potions of mutation {unknown}
 q - a potion of lignification
 r - a potion of curing {unknown}


   Skills:
 - Level 1.0 Fighting
 + Level 2.6 Dodging
 + Level 2.4 Stealth
 - Level 3.0 Unarmed Combat
 + Level 2.5 Spellcasting
 * Level 3.2 Transmutations
 * Level 0.8 Ice Magic


You had one spell level left.
You knew the following spells:

 Your Spells              Type           Power      Damage    Failure   Level
a - Beastly Appendage     Tmut           26%        N/A       4%          1
b - Wereblood             Tmut           13%        N/A       7%          2
c - Ice Form              Ice/Tmut       9%         N/A       61%         4

Your spell library contained the following spells:

 Spells                   Type           Power      Damage    Failure   Level
 Foxfire                  Conj/Fire      8%         2x1d4     19%         1
 Spider Form              Tmut/Pois      7%         N/A       28%         3
 Ignite Poison            Fire/Tmut/Pois 5%         N/A       34%         3
 Conjure Flame            Conj/Fire      2%         6-21      50%         3
 Gell's Gravitas          Tloc           2%         N/A       50%         3
 Inner Flame              Hex/Fire       2%         N/A       50%         3
 Lesser Beckoning         Tloc           2%         N/A       50%         3
 Teleport Other           Tloc           2%         N/A       50%         3
 Flame Wave               Conj/Fire      2%         2d4       88%         4
 Sticky Flame             Conj/Fire      2%         2d3       88%         4


Dungeon Overview and Level Annotations

Branches:
Dungeon (3/15)

Altars:
Sif Muna


Innate Abilities, Weirdness & Mutations

One of your tentacles has grown a beastly spike.
You cannot wear most types of armour.
You are amphibious.
You can wear up to eight rings at the same time.
Your skin changes colour to match your surroundings (Stealth+).
Your rubbery body absorbs attacks. (AC +1, EV +1)
((You are camouflaged when in or above water. (Stealth+)))
You have tentacles for arms and can constrict up to eight enemies at once.


Message History

Aim: an orc, wielding a +0 trident and wearing a +0 leather armour (52% to hit)
You shoot a sling bullet. The sling bullet barely misses the orc.
Casting: Beastly Appendage (safe; 4% risk of failure)
Confirm with . or Enter, or press ? or * to list all spells.
One of your tentacles grows a vicious spike.
There is a stone staircase leading up here.
The orc barely misses you. The orc hits you with a +0 trident.
The orc attacks as you move away! The orc hits you with a +0 trident!
The orc hits you from afar with a +0 trident.
There is a stone staircase leading up here.
The orc hits you from afar with a +0 trident.
You climb upwards.
There is a stone staircase leading down here.
You start resting.
Your transformation is almost over.
You start resting.
Your tentacle spike disappears.
HP restored.
Casting: Beastly Appendage (safe; 4% risk of failure)
Confirm with . or Enter, or press ? or * to list all spells.
One of your tentacles grows a vicious spike.
You climb downwards.
The orc priest hits you with a +0 club.
There is a stone staircase leading up here.
The orc priest invokes the aid of Beogh against you.
Beogh smites you!
Ouch! That really hurt!
You climb upwards.
There is a stone staircase leading down here.
Really attack while wielding your +0 sling? [Y]es or [N]o only, please.
Really attack while wielding your +0 sling? [Y]es or [N]o only, please.
Really attack while wielding your +0 sling?
Okay, then.
Your +2 short sword of venom begins to drip with poison!
a - a +2 short sword of venom (weapon)
The orc priest calls down the wrath of Beogh upon you.
Pain shoots through your body!
You die...

###.........#.# #.#
.##...........# #.#
..............# #.#
####..........## #.######
...............###).....##
.####..........##........##
..###..........#..........#
#...#..........#.o........#
..#............#@.....[...#
#.###..........#..........#
#..##..........#..........#
............#####........##
##.#.....................##
.#.#############.........<#
.#...#### #..........#
.###....### #..........#
.....##...## #..........#


You could see an orc priest.

Vanquished Creatures
  An orc wizard (D:3)
  3 worms (D:2)
  2 dart slugs
  5 orcs (D:3)
  3 bats
  6 endoplasms (D:1)
  3 giant cockroaches
  5 goblins
  3 hobgoblins
  4 jackals (D:1)
  4 quokkas
  3 ball pythons (D:1)
  3 frilled lizards (D:1)
  9 kobolds
  3 rats
57 creatures vanquished.

Vanquished Creatures (others)
  A demonic plant (D:1)
1 creature vanquished.

Grand Total: 58 creatures vanquished

Notes
Turn   | Place    | Note
-------+----------+-------------------------------------------
     0 | D:1      | scionoferis the Octopode Transmuter began the quest for the
                  | Orb.
     0 | D:1      | Reached XP level 1. HP: 13/13 MP: 3/3
   120 | D:1      | Reached XP level 2. HP: 18/18 MP: 5/5
   203 | D:1      | Found a faded altar of an unknown god.
   203 | D:1      | Noticed an Executioner
   212 | D:1      | Reached skill level 1 in Stealth
   402 | D:1      | Learned a level 2 spell: Wereblood
   415 | D:1      | Reached XP level 3. HP: 9/23 MP: 2/6
  2000 | D:2      | Reached XP level 4. HP: 20/28 MP: 7/7
  2005 | D:2      | Learned a level 4 spell: Ice Form
  2163 | D:2      | Found a shimmering blue altar of Sif Muna.
  2196 | D:3      | Noticed a sky beast
  2979 | D:2      | Killed from afar by an orc priest

Illustrated notes

Levels and vault maps discovered:
D:1:      spicycebolla_arrival_transporter_tutorial, layout_loops_ring,
          dreamdust_ecumenical_altar_sealed_demon
D:2:      layout_rooms, basic_altar
D:3:      minmay_chambers_of_twos, layout_basic,
          mainiacjoe_overflow_catwalk_spiral

Skill      XL: |  1  2  3 |
---------------+----------+-----
Stealth        | 1 2 |  2.4
Transmutations | 3 |  3.2
Fighting       | |  1.0
Dodging        | |  2.6
Unarmed Combat | |  3.0
Spellcasting   | |  2.5
Ice Magic      | |  0.8

Action                   |  1- 3 |  4- 6 || total
-------------------------+-------+-------++-------
Melee: Short sword       |    17 |    22 ||    39
       Tentacles         |    13 |     4 ||    17
       Constrict         |    15 |     3 ||    18
       Punch             |     3 |       ||     3
       Unarmed           |     1 |       ||     1
       Dagger            |    45 |       ||    45
       Kick              |     9 |     3 ||    12
 Fire: Sling             |       |     2 ||     2
Throw: Boomerang         |    40 |       ||    40
       Stone             |       |     1 ||     1
 Cast: Beastly Appendage |    16 |     7 ||    23
       Wereblood         |     1 |     1 ||     2
 Stab: Sleeping          |     7 |     2 ||     9
Armor: Skin              |     5 |       ||     5
Dodge: Dodged            |    32 |     6 ||    38

Table legend: (Time is in decaauts)
 A = Elapsed time spent in this place.
 B = Non-inter-level travel time spent in this place.
 C = Inter-level travel time spent in this place.
 D = Time resting spent in this place.
 E = Time spent auto-exploring this place.
 F = Levels seen in this place.
 G = Mean time per level.
                   A        B        C        D        E       F      G
               +--------+--------+--------+--------+--------+-----+--------+
         Total |   2994 |   2875 |    119 |    605 |   1252 |   3 |  998.0 |
       Dungeon |   2994 |   2875 |    119 |    605 |   1252 |   3 |  998.0 |
               +--------+--------+--------+--------+--------+-----+--------+

Top non-repeatable levels by time:
     D:2: 1383 daAuts
     D:1: 1330 daAuts
     D:3: 280 daAuts
